 Dungeon Crawl Stone Soup version 0.31-a0-198-g2ad674f65e (webtiles) character file.

Game seed: 266186496196301792

135 qw the Skirmisher (level 4, -11/25 HPs)
             Began as a Deep Elf Hunter on June 25, 2023.
             Mangled by a gnoll
             ... wielding a +0 halberd
              (12 damage)
             ... on level 4 of the Dungeon.
             The game lasted 00:00:43 (1767 turns).

qw the Skirmisher (Deep Elf Hunter)                 Turns: 1767, Time: 00:00:44

Health: -11/25     AC:  5    Str: 10    XL:     4   Next: 96%
Magic:  6/6        EV: 11    Int: 14    God:
Gold:   153        SH:  0    Dex: 18    Spells: 3/3 levels left

rFire   . . .        Y - +1 shortbow
rCold   . . .        (shield currently unavailable)
rNeg    . . .        b - +0 ring mail
rPois   .            (no helmet)
rElec   .            (no cloak)
rCorr   .            (no gloves)
SInv    .            (no boots)
Will    .....        d - amulet of faith
Stlth   +            (no ring)
HPRegen 0.24/turn    (no ring)
MPRegen 0.10/turn

%: faith
@: no status effects
A: no striking features
a: no special abilities


You were on level 4 of the Dungeon.
You visited 1 branch of the dungeon, and saw 4 of its levels.

You collected 153 gold pieces.


   Skills:
 - Level 1.5 Fighting
 + Level 8.3 Ranged Weapons
 - Level 2.4 Dodging
 - Level 1.2 Stealth


You had 3 spell levels left.
You didn't know any spells.
Your spell library was empty.

Inventory:

Hand Weapons
 Y - a +1 shortbow (weapon)
Armour
 b - a +0 ring mail (worn)
Jewellery
 d - an amulet of faith (around neck)
Scrolls
 h - a scroll of identify
Potions
 a - a potion of brilliance {unknown}
 e - a potion of enlightenment {unknown}
 f - a potion of haste {unknown}

Dungeon Overview and Level Annotations

Branches:
Dungeon (4/15)
 Temple: D:4-7

Altars:
Qazlal


Message History

The gnoll is almost dead.
You shoot an arrow. The arrow barely misses the gnoll.
You shoot an arrow. The arrow hits the gnoll.
You kill the gnoll!
A quokka comes into view.
You shoot an arrow.
The arrow hits the quokka but does no damage.
A ball python comes into view.
You shoot an arrow. The arrow hits the gnoll.
The gnoll is lightly wounded.
You shoot an arrow. The arrow closely misses the gnoll.
The gnoll barely misses you.
A gnoll comes into view. It is wielding a +0 halberd.
You shoot an arrow. The arrow closely misses the gnoll.
The gnoll hits you but does no damage.
You shoot an arrow. The arrow closely misses the gnoll.
The gnoll hits you with a +0 flail! The gnoll hits you but does no damage.
You shoot an arrow. The arrow closely misses the gnoll.
A goblin comes into view. It is wielding a +0 dagger.
The gnoll closely misses you.
You shoot an arrow. The goblin shouts!
The arrow hits the gnoll.
The gnoll is moderately wounded.
A gnoll comes into view. It is wielding a +0 flail.
The gnoll barely misses you.
You shoot an arrow. The arrow hits the gnoll.
The gnoll is heavily wounded.
The gnoll hits you from afar with a +0 halberd!
The gnoll hits you with a +0 flail.
You shoot an arrow. The arrow hits the gnoll!
The gnoll is almost dead.
An adder comes into view.
The gnoll hits you with a +0 flail. The gnoll barely misses you.
You shoot an arrow. The adder hisses angrily.
The arrow hits the gnoll!
You kill the gnoll!
The gnoll hits you from afar with a +0 halberd!
You die...

...... ##.. ....S
..... .)#. ....
g..####... .S.....#
## #r#g...###..
#)#....#...
#.@......# ###.....##
#......####
.#####....#.....
..................
#######.#####.....
##...# .....
#..#.####....
##########.....(....#
.#


You could see 2 gnolls, an adder, a quokka and a ball python.

Vanquished Creatures
  2 gnolls (D:4)
  5 adders
  An ufetubus (D:3)
  A worm (D:2)
  2 dart slugs
  An orc (D:4)
  2 endoplasms (D:2)
  3 giant cockroaches (D:1)
  12 goblins
  4 hobgoblins
  A jackal (D:2)
  5 quokkas
  8 ball pythons
  9 bats
  3 frilled lizards
  3 kobolds
  5 rats
67 creatures vanquished.

Notes
Turn   | Place    | Note
-------+----------+-------------------------------------------
     0 | D:1      | qw the Deep Elf Hunter began the quest for the Orb.
     0 | D:1      | Reached XP level 1. HP: 12/12 MP: 3/3
     0 | D:1      | 0 ||| qw: Version: 0.3-a-22-g0ed2b0b
     0 | D:1      | 0 ||| qw: Game counter: 5085
     0 | D:1      | 0 ||| qw: Melee chars always use a shield: true
     0 | D:1      | 0 ||| qw: God list: Okawaru
     0 | D:1      | 0 ||| qw: Allow faded altars: false
     0 | D:1      | 0 ||| qw: Do Orc after clearing Dungeon:15 true
     0 | D:1      | 0 ||| qw: Do second Lair branch before Depths: true
     0 | D:1      | 0 ||| qw: Lair rune preference: random
     0 | D:1      | 0 ||| qw: Goals: Normal
     0 | D:1      | 0 ||| PLANNING D:1-11
    59 | D:1      | Reached XP level 2. HP: 16/16 MP: 4/4
    68 | D:1      | Reached skill level 6 in Ranged Weapons
   436 | D:1      | Reached XP level 3. HP: 20/20 MP: 5/5
   587 | D:1      | 587 ||| UPGRADING to amulet of faith.
   592 | D:1      | 592 ||| READING scroll labelled YNOAGO OCODUPU.
   593 | D:1      | 593 ||| READING scroll labelled SAYCIST IGRAPO.
   594 | D:1      | 594 ||| DROPPING scroll of butterflies.
   670 | D:2      | Reached skill level 7 in Ranged Weapons
   894 | D:2      | Reached XP level 4. HP: 25/25 MP: 6/6
  1160 | D:2      | 1160 ||| UPGRADING to +0 ring mail.
  1170 | D:2      | 1170 ||| DROPPING +0 leather armour.
  1171 | D:2      | 1171 ||| READING scroll labelled ZEREMP CONATE.
  1172 | D:2      | 1172 ||| READING scroll labelled OMOINO KAANONG.
  1177 | D:2      | 1177 ||| READING 2 scrolls labelled FOTALA KUAFUI.
  1236 | D:3      | Reached skill level 8 in Ranged Weapons
  1580 | D:3      | Found a faded altar of an unknown god.
  1635 | D:3      | Found a stormy altar of Qazlal.
  1698 | D:3      | 1698 ||| READING 2 scrolls labelled UFOORO BESHU.
  1699 | D:3      | 1699 ||| DROPPING scroll of summoning.
  1765 | D:4      | HP: 6/25 [gnoll/+0 flail (3)]
  1766 | D:4      | HP: 1/25 [gnoll/+0 flail (5)]
  1767 | D:4      | Mangled by a gnoll

Levels and vault maps discovered:
D:1:      ncdulo_watergridlock, layout_loops_ring
D:2:      minmay_diamond_boxcup, layout_basic, st_stairs_2
D:3:      layout_rooms, marbit_many_paths, serial_glass, glass_columns_a,
          glass_columns_a, dreamdust_ecumenical_altar_angels_and_demons,
          corexii_hall_statues_l
D:4:      layout_rooms, lemuel_crystal_altar, minmay_temple_entry_overgrown

Skill      XL: |  1  2  3  4 |
---------------+-------------+-----
Ranged Weapons | 6 7 8 |  8.3
Fighting       | |  1.5
Dodging        | |  2.4
Stealth        | |  1.2

Action                     |  1- 3 |  4- 6 || total
---------------------------+-------+-------++-------
   Fire: Shortbow          |    97 |    62 ||   159
    Use: Scroll            |     2 |     4 ||     6
 Armour: Leather armour    |    10 |     4 ||    14
         Ring mail         |       |     6 ||     6
  Dodge: Dodged            |    20 |    16 ||    36

Table legend:
 A = Non-vault XP
 B = Vault XP
 C = Vault XP percentage of total XP
 D = Non-vault monster count
 E = Vault monster count
 F = Vault count percentage of total count
                 A         B        C        D         E       F
            +---------+---------+-------+---------+---------+-------
      Total |     159 |      49 |  23.6 |      53 |      14 |  20.9
            +---------+---------+-------+---------+---------+-------
        D:1 |      46 |       0 |   0.0 |      30 |       0 |   0.0
        D:2 |      47 |      48 |  50.5 |      11 |      13 |  54.2
        D:3 |      32 |       1 |   3.0 |       8 |       1 |  11.1
        D:4 |      34 |       0 |   0.0 |       4 |       0 |   0.0
            +---------+---------+-------+---------+---------+-------
